 Dungeon Crawl Stone Soup version 0.21-a0-143-g1ab7d47 (webtiles) character file.

723296 namelastname112 the Swashbuckler (level 27, -17/268 HPs)
             Began as a White Draconian Assassin on July 25, 2017.
             Was a Follower of Uskayaw.
             Killed from afar by a hellion (28 damage)
             ... with damnation
             ... in Pandemonium.
             The game lasted 03:56:08 (93730 turns).

namelastname112 the Swashbuckler (DrAs)            Turns: 93730, Time: 03:56:09

Health: -17/268    AC: 34    Str: 14 (18) XL:     27
Magic:  29/39      EV: 32    Int:  7 (8)  God:    Uskayaw [*.....]
Gold:   5621       SH: 11    Dex: 30      Spells: 11/59 levels left

rFire    + + +     SeeInvis .   A - +9 quick blade (pierce)
rCold    + + +     Gourm    .   X - +3 buckler {AC+3}
rNeg     + + +     Faith    .   (armour unavailable)
rPois    +         Spirit   .   j - +0 hat of Impressiveness {MR+ Regen+ Str+4 Dex+3}
rElec    .         Reflect  .   T - +2 ratskin cloak {+Rats rPois rN+ Str-1 Int-1 Dex+1}
rCorr    .         Harm     .   o - +3 pair of gloves of the Wumpus {+Fly rN+++ Str+3 Int-5}
MR       +++..                  Y - +2 pair of boots {run}
Stlth    ++++++++..             Z - amulet of Wariness {+Rage rF+++ rC++ Str-3}
HPRegen  0.94/turn              C - ring of Qanwih Zutum {rPois rC+ Int+2 Dex+2 Slay+5}
MPRegen  0.26/turn              k - ring of Robustness {AC+8}

@: about to teleport, very slightly contaminated, hasted, studying Short Blades,
very quick
A: breathe frost, unfitting armour, claws 1, agile 1, cold resistance 1,
deterioration 2, dopey 1, low mp 1, robust 1, cold-blooded, subdued magic 1, AC
+13
}: 5/15 runes: barnacled, slimy, silver, abyssal, gossamer
a: Breathe Frost, Stomp, Renounce Religion, Evoke Ratskin, Evoke Berserk Rage,
Evoke Flight


You were in Pandemonium.
You worshipped Uskayaw.
Uskayaw was greatly pleased with you.
You were hungry.

You visited 12 branches of the dungeon, and saw 54 of its levels.
You visited Pandemonium 1 time, and saw 5 of its levels.
You visited the Abyss 3 times.
You visited 1 bazaar.
You visited 1 ziggurat, and saw 9 of its levels.
You also visited: Labyrinth, Volcano and Wizlab.

You collected 9713 gold pieces.
You spent 4092 gold pieces at shops.

Inventory:

Hand Weapons
 b - a +7 blowgun
 A - a +9 quick blade of piercing (weapon)
Missiles
 a - 9 throwing nets
 e - 6 curare-tipped needles
 s - 8 needles of paralysis
 B - 6 needles of sleeping
 R - 53 javelins (quivered)
 U - 17 javelins of penetration
Armour
 j - the +0 hat of Impressiveness (worn) {MR+ Regen+ Str+4 Dex+3}
   (You bought it in a shop in a bazaar)

   It affects your strength (+4).
   It affects your dexterity (+3).
   It affects your resistance to hostile enchantments.
   It increases your rate of regeneration.
 o - the +3 pair of gloves of the Wumpus (worn) {+Fly rN+++ Str+3 Int-5}
   (You acquired it on level 5 of the Depths)

   It affects your strength (+3).
   It affects your intelligence (-5).
   It renders you almost immune to negative energy.
   It lets you fly.
 T - the +2 ratskin cloak (worn) {+Rats rPois rN+ Str-1 Int-1 Dex+1}
   (You bought it in a shop on level 2 of the Vaults)

   It affects your strength (-1).
   It affects your intelligence (-1).
   It affects your dexterity (+1).
   It protects you from poison.
   It protects you from negative energy.
 X - a +3 buckler of protection (worn)
 Y - a +2 pair of boots of running (worn)
Jewellery
 c - the ring of the Mage {Wiz MR++ Int+3}
   (You bought it in a shop on level 1 of the Depths)

   [ring of wizardry]

   It improves your spell success rate.
   It affects your intelligence (+3).
   It affects your resistance to hostile enchantments.
 k - the ring of Robustness (right hand) {AC+8}
   (You found it on level 5 of the Pits of Slime)

   [ring of protection]

   It affects your AC (+8).
 t - the cursed ring of Umuec {+Blink rElec rPois Dex-3 Stlth-}
   (You took it off an orc knight on level 5 of the Vaults)

   [ring of dexterity]

   It affects your dexterity (-3).
   It insulates you from electricity.
   It protects you from poison.
   It lets you blink.
   It makes you less stealthy.
   It has a curse placed upon it.
 C - the ring of Qanwih Zutum (left hand) {rPois rC+ Int+2 Dex+2 Slay+5}
   (You took it off a deep elf sorcerer on level 3 of the Elven Halls)

   [ring of poison resistance]

   It affects your intelligence (+2).
   It affects your dexterity (+2).
   It affects your accuracy and damage with ranged weapons and melee attacks
   (+5).
   It protects you from cold.
   It protects you from poison.
 Z - the amulet of Wariness (around neck) {+Rage rF+++ rC++ Str-3}
   (You found it on level 6 of a ziggurat)

   [amulet of rage]

   It affects your strength (-3).
   It renders you almost immune to fire.
   It greatly protects you from cold.
   It lets you go berserk.
Wands
 g - a wand of digging (1/24)
 F - a wand of lightning (2/15)
 J - a wand of digging (4/24)
 M - a wand of digging (17/24)
 O - a wand of iceblast (3/15)
Scrolls
 d - a scroll of enchant armour
 h - 6 scrolls of amnesia
 u - 11 scrolls of teleportation
 w - 6 scrolls of holy word
 y - 8 scrolls of identify
 z - 7 scrolls of fog
 H - 3 scrolls of fear
 N - 30 scrolls of remove curse
 P - 8 scrolls of recharging
 V - 10 scrolls of magic mapping
Potions
 l - 9 potions of flight
 m - 11 potions of haste
 p - 7 potions of agility
 r - 24 potions of curing
 v - 10 potions of brilliance
 E - 6 potions of might
 K - 2 potions of ambrosia
 L - 2 potions of magic
 Q - 3 potions of invisibility
 S - 5 potions of resistance
Books
 W - a manual of Short Blades
Comestibles
 f - 26 bread rations
 n - 17 meat rations
 q - 2 royal jellies
 D - 20 fruits


   Skills:
 + Level 19.5 Fighting
 + Level 20.4 Short Blades
 * Level 11.9 Throwing
 + Level 17.0 Dodging
 + Level 19.1 Stealth
 - Level 7.8 Shields
 + Level 16.7 Spellcasting
 + Level 17.1 Hexes
 - Level 8.7 Charms
 - Level 9.7 Translocations
 - Level 3.6 Air Magic
 + Level 20.3 Invocations


You had 11 spell levels left.
You knew the following spells:

 Your Spells              Type           Power        Failure   Level  Hunger
a - Invisibility          Hex            ###.....     1%          6    #######
b - Tukima's Dance        Hex            ###.....     0%          3    ##.....
c - Ensorcelled Hibernat  Hex/Ice        ##....       1%          2    None
d - Silence               Hex/Air        ###.......   2%          5    #####..
e - Apportation           Tloc           ###...       1%          1    None
f - Regeneration          Chrm/Necr      #.........   3%          3    ##.....
g - Blink                 Tloc           N/A          1%          2    None
h - Yara's Violent Unrav  Hex/Tmut       ##........   5%          5    #####..
i - Spectral Weapon       Hex/Chrm       ###.....     1%          3    ##.....
j - Passage of Golubria   Tloc           N/A          1%          4    ####...
k - Discord               Hex            ###.......   38%         8    #######
l - Deflect Missiles      Chrm/Air       ##........   67%         6    #######


Dungeon Overview and Level Annotations

Branches:
Dungeon (15/15)            Temple (1/1) D:5            Lair (6/6) D:8
 Shoals (4/4) Lair:4       Spider (4/4) Lair:4        Slime (5/5) Lair:6
    Orc (2/2) D:11            Elf (3/3) Orc:2        Vaults (5/5) D:14
  Crypt (3/3) Vaults:2       Tomb (0/3) Crypt:3      Depths (5/5) D:15
   Hell (1/1)                 Dis (0/7) Hell            Geh (0/7) Hell
    Tar (0/7) Hell            Zot (0/5) Depths:5
    Coc: Hell:1

Altars:
Cheibriados
Dithmenos
Fedhas
Gozag
Kikubaaqudgha
Nemelex Xobeh
Qazlal
Ru
Sif Muna
Trog
Uskayaw
Xom
Yredelemnul
The Shining One
Beogh
Jiyva
Lugonu

Shops:
Orc:1 *   Orc:2 =*:!(   Shoals:3 }   Vaults:2 [(:   Vaults:3 [   Vaults:4 (
Depths:1 =}=   Depths:5 [*!(

Portals:
Hell: Depths:1 Depths:2 Depths:3 Depths:4 Depths:5
Abyss: Depths:4
Pandemonium: Orc:2 Depths:2 Depths:3

Annotations:
Shoals:4 psellion's ghost, adept FoFi
Elf:2 1 runed door


Innate Abilities, Weirdness & Mutations

You can breathe waves of freezing cold.
You can buffet flying creatures when you breathe cold.
Your icy white scales are hard. (AC +13)
You cannot fit into any form of body armour.
Your flesh is cold resistant. (rC+)
You are cold-blooded and may be slowed by cold attacks.
You have sharp fingernails.
You are agile. (Dex +2)
Your body often deteriorates upon taking damage.
You are dopey. (Int -2)
Your magical capacity is low. (-10% MP)
You are robust. (+10% HP)
Your spells are a little easier to cast, but a little less powerful.


Message History

As you read the scroll of teleportation, it crumbles to dust.
You feel strangely unstable. The hellion gestures at you.
The sphere of damnation explodes!
The damnation engulfs you!
* * * LOW HITPOINT WARNING * * *
You take 20 damage, and have 28/268 hp.
You feel better.
You regained 10 hp, and now have 38/268 hp.
You feel better. The hellion gestures at you.
The sphere of damnation explodes!
The damnation engulfs you!
* * * LOW HITPOINT WARNING * * *
You take 1 damage, and have 37/268 hp.
You feel better. The Hell Sentinel gestures at you. The iron shot hits you!
* * * LOW HITPOINT WARNING * * *
The hellion gestures at you.
The sphere of damnation explodes!
The damnation engulfs you!
You die...

##.....#.....#........'....#....#
##.....#.....#.....2..##...'.....
##.....#.....#..2......#.).#.....
.'....1'.....###2###########.....
.#....2#.....#..1......#...#....#
.#.....#.....'........)#...#'#..#
####'###.....#.........#.....##+#
.......####'##.........'......#..
.......'.....#..@......#.....##..
..)....#.....'.........#.....#...
#)....##.....#.........#.....'...
#'#..##......######'####.....#...
..####.......###.....#.##....##..
....#........##......#..##...##..
..######'#####.......#...######'#
#'#.#.......#........#....#......
#...#.......#........#....#.....#


You could see a Hell Sentinel and 2 hellions.

Vanquished Creatures
  the Royal Jelly (Slime:5)
  An ancient lich (Abyss:1)
  Mennas (Depths:4)
  A greater mummy (WizLab)
  Boris (Vaults:4)
  2 pandemonium lords (Pan)
  Saint Roka (Vaults:2)
  2 Killer Klowns (Zig:8)
  Geryon (Hell)
  2 golden dragons
  A caustic shrike (Depths:4)
  A bone dragon (Crypt:3)
  A profane servitor (Crypt:3)
  6 liches
  2 Brimstone Fiends (Pan)
  Jorgrun (Depths:2)
  8 tentacled monstrosities
  2 Ice Fiends
  A Hell Sentinel (Pan)
  3 deep elf master archers
  5 quicksilver dragons
  2 deep elf blademasters (Elf:3)
  7 titans (Vaults:5)
  3 Executioners (Pan)
  12 acid blobs
  9 ancient champions
  12 tentacled starspawn
  Frances (D:12)
  Kirke (Shoals:2)
  8 tengu reavers
  5 sphinxes
  4 storm dragons (Vaults:5)
  5 shadow dragons
  Ilsuiw (Shoals:4)
  A daeva (Pan)
  16 fire giants
  3 revenants
  11 azure jellies
  3 emperor scorpions
  2 iron dragons
  17 vault wardens
  6 ghost moths
  A draconian knight (Depths:5)
  10 frost giants
  A curse skull (Crypt:1)
  11 deep elf sorcerers
  3 cacodemons
  2 warmongers (Pan)
  3 ghouls
  3 balrugs (Pan)
  4 deep elf elementalists
  A draconian shifter (Depths:5)
  A caustic shrike skeleton (Depths:4)
  7 reapers
  15 ironheart preservers
  24 stone giants
  4 war gargoyles
  33 very ugly things
  The ghost of Leszczynek the Grappler, a journeyman TrSk of Uskayaw (Lair:4)
  4 blood saints (Pan)
  7 vampire knights
  3 entropy weavers
  11 deep elf demonologists
  2 corrupters (Pan)
  Nessos (Lair:4)
  A dire elephant (shapeshifter) (Zig:8)
  9 deep elf annihilators
  A white draconian (Depths:5)
  2 black suns (Pan)
  A red draconian (Depths:5)
  2 purple draconians (Depths:5)
  3 lorocyprocas
  12 spark wasps
  9 merfolk javelineers
  9 ettins
  2 green deaths
  2 blizzard demons (Zig:6)
  10 deep elf death magi
  5 mummy priests
  A minotaur (Lab)
  5 death oozes (Slime:5)
  2 eidola
  13 fire dragons
  Josephine (D:14)
  7 merfolk impalers
  21 yaktaur captains
  6 deep elf high priests
  12 jiangshi
  12 great orbs of eyes
  Erolcha (D:9)
  32 vault guards
  12 hydras
  A caustic shrike simulacrum (Zig:6)
  Harold (D:12)
  12 ice dragons
  5 rakshasas
  4 monstrous demonspawn
  A hell beast (Depths:5)
  An ice dragon (shapeshifter) (D:14)
  5 merfolk avatars (Shoals:4)
  2 spriggan air magi
  A two-headed ogre (shapeshifter) (Vaults:5)
  17 centaur warriors
  A satyr (Shoals:3)
  6 merfolk aquamancers
  57 two-headed ogres
  16 ogre magi
  34 dancing weapons
  13 deep troll shamans
  3 death knights
  An alligator snapping turtle (Shoals:3)
  5 deep troll earth magi
  10 orc high priests
  The ghost of Tungsten the Arsonist, a novice HOFE of Vehumet (D:8)
  7 tengu warriors
  14 thrashing horrors
  7 vampire magi
  6 soul eaters
  Nergalle (Orc:1)
  A spriggan berserker (Depths:3)
  22 sun demons
  7 iron trolls
  2 iron golems (Hell)
  22 deep elf knights
  5 wretched stars
  A fire crab (shapeshifter) (Vaults:1)
  4 shadow wraiths
  A sixfirhy (Pan)
  46 skeletal warriors
  A golden dragon zombie (Hell)
  12 unseen horrors
  14 hell knights
  43 deep trolls
  2 infernal demonspawn
  5 torturous demonspawn
  2 spatial maelstroms
  6 glowing orange brains
  An orange crystal statue (Zig:7)
  3 anaconda zombies (Hell)
  14 deep elf archers
  A swamp dragon (Zig:4)
  A spriggan druid (Zig:4)
  3 shadow demons
  12 sea snakes
  A glowing orange brain (shapeshifter) (Vaults:5)
  A spark wasp zombie (WizLab)
  13 wizards
  A gelid demonspawn (Pan)
  4 flayed ghosts
  26 harpies
  4 shadow dragon zombies
  14 necromancers
  2 lindwurms
  An anaconda skeleton (Volcano)
  18 phantasmal warriors
  2 iron dragon zombies (Hell)
  17 ironbrand convokers
  A mana viper (shapeshifter) (Zig:8)
  A lindwurm (shapeshifter) (Zig:8)
  19 orc knights
  8 orc sorcerers
  19 orb spiders
  72 deep elf magi
  51 ugly things
  3 frost giant zombies
  An orb spider (shapeshifter) (Zig:8)
  2 stone giant zombies
  39 wolf spiders
  2 sphinx skeletons
  9 oklob plants
  6 shining eyes
  2 tengu skeletons
  10 manticores
  A shadow dragon skeleton (Depths:2)
  A faun (shapeshifter) (Depths:2)
  11 fauns
  2 worldbinders
  11 rust devils
  8 merfolk sirens
  5 moths of wrath
  15 elephants
  11 cyclopes
  6 black mambas
  3 stone giant skeletons (Vaults:2)
  A fire giant skeleton (Zig:7)
  11 vault sentinels
  A shock serpent zombie (Abyss:3)
  5 frost giant skeletons
  7 apocalypse crabs
  A demonspawn zombie (WizLab)
  Maurice (D:9)
  11 water nymphs
  16 spiny frogs
  6 gargoyles
  10 orange demons
  3 molten gargoyles (Lair:6)
  12 smoke demons
  3 kobold demonologists
  A spiny frog (shapeshifter) (Abyss:3)
  A shock serpent skeleton (Crypt:3)
  A yaktaur zombie (WizLab)
  A storm dragon simulacrum (Depths:4)
  13 freezing wraiths
  4 ancient zymes
  77 yaktaurs
  2 rime drakes (Lair:6)
  An efreet (D:13)
  An elf zombie (Hell)
  4 hellions (Pan)
  A yaktaur skeleton (Vaults:2)
  7 komodo dragons
  5 tengu conjurers
  A yaktaur (shapeshifter) (Elf:3)
  2 hellwings (Depths:3)
  7 ice devils
  12 demonic crawlers
  A grey draconian skeleton (Crypt:2)
  13 trolls
  10 red devils
  3 hydra zombies
  8 guardian mummies
  2 queen bees
  A troll (shapeshifter) (Elf:1)
  A queen ant zombie (Crypt:2)
  29 merfolk
  3 meliai (Spider:3)
  38 jumping spiders
  8 wind drakes
  2 polar bears
  A hornet (shapeshifter) (Vaults:5)
  A shadow dragon simulacrum (Crypt:1)
  54 slime creatures
  14 hippogriffs
  A tengu simulacrum (Vaults:2)
  28 blink frogs
  5 ettin zombies
  An ice dragon zombie (Hell)
  A deep troll zombie (WizLab)
  4 hydra skeletons
  12 hornets
  6 spriggan zombies
  A raiju (shapeshifter) (Vaults:4)
  4 fire dragon zombies
  9 snapping turtles
  21 dream sheep
  12 raiju
  Prince Ribbit (D:7)
  2 harpy skeletons
  A bog body (Zig:4)
  A meliai zombie (Crypt:3)
  3 spriggans
  2 spriggans (shapeshifter)
  An elf skeleton (Zig:7)
  52 redbacks
  9 wraiths
  10 flying skulls
  32 yaks
  40 tarantellas
  7 air elementals
  Eustachio (D:6)
  A satyr skeleton (Crypt:2)
  7 ynoxinuls
  An ettin skeleton (Vaults:2)
  2 alligator skeletons (Volcano)
  An ice dragon skeleton (Depths:1)
  A vampire (D:12)
  An ushabti (Crypt:3)
  6 water elementals
  6 wyverns
  15 fire bats
  7 shadows
  8 basilisks
  3 fire elementals
  10 golden eyes
  A hog (shapeshifter) (Vaults:2)
  16 chaos spawn
  9 neqoxecs
  6 vampire mosquitoes
  4 hungry ghosts
  A steam dragon (Lair:6)
  24 large abominations
  A spatial vortex (Abyss:3)
  2 tengu zombies (Hell)
  A glowing shapeshifter zombie (Crypt:3)
  4 wargs
  15 hell hounds
  Menkaure (D:4)
  A soldier ant (D:10)
  4 acid dragons (Vaults:1)
  14 water moccasins
  A floating eye (Depths:3)
  2 hydra simulacra
  11 porcupines
  2 black bears (shapeshifter)
  6 ice beasts
  54 orc warriors
  A swamp drake (Zig:4)
  A dream sheep zombie (Crypt:3)
  3 sky beasts
  A black bear (D:7)
  An eye of draining (shapeshifter) (Elf:3)
  4 eyes of draining
  2 hornet zombies
  3 spiny frog skeletons
  16 starcursed masses
  8 necrophages
  28 centaurs
  3 phantoms
  A human zombie (WizLab)
  2 human skeletons (Vaults:2)
  46 ogres
  32 boggarts
  38 wolves
  A hog zombie (Crypt:1)
  A swamp dragon skeleton (Crypt:2)
  A dream sheep skeleton (Crypt:3)
  A snapping turtle skeleton (Abyss:3)
  An orc skeleton (Vaults:2)
  18 crocodiles
  A crocodile (shapeshifter) (Vaults:5)
  5 big kobolds
  The ghost of sergedm the Conjurer, an amateur DECj (D:3)
  21 bullfrogs
  A gnoll sergeant (D:6)
  A cyclops zombie (Crypt:2)
  6 earth elementals
  An ogre simulacrum (Vaults:1)
  16 small abominations
  A wyvern skeleton (D:15)
  2 water moccasin zombies
  4 scorpions
  A yak zombie (Crypt:1)
  47 killer bees
  2 troll skeletons (Volcano)
  40 wights
  A polar bear skeleton (Crypt:1)
  3 spriggan skeletons
  6 electric eels
  3 howler monkeys (D:12)
  5 lava snakes (Lair:6)
  17 crimson imps
  3 bullfrog zombies
  12 centaur zombies
  9 hounds
  11 jellies
  A wyvern simulacrum (D:15)
  3 quasits
  22 orc priests
  A bullfrog skeleton (D:9)
  6 centaur skeletons
  25 orc wizards
  2 worker ants
  2 iguanas
  7 hell rats (Lair:2)
  Natasha (thrice) (D:2)
  A killer bee zombie (D:8)
  3 naga skeletons (Volcano)
  2 mummies (D:10)
  2 howler monkey zombies
  3 worker ant zombies
  20 gnolls
  16 river rats (Lair:2)
  7 adders
  10 shadow imps
  2 white imps
  3 ufetubi
  An iguana zombie (Crypt:2)
  3 adder zombies
  3 worms
  A dart slug (D:1)
  8 leopard geckos
  123 orcs
  5 giant cockroaches
  7 goblins
  12 hobgoblins
  9 jackals
  8 quokkas
  6 bats
  4 frilled lizards
  A goblin skeleton (Crypt:3)
  A jackal skeleton (D:6)
  16 kobolds
  A quokka zombie (Crypt:1)
  13 rats
  A spectral orc (D:8)
  A plant (Lair:2)
  11 starspawn tentacles
3147 creatures vanquished.

Vanquished Creatures (collateral kills)
  An azure jelly (Slime:5)
  2 death oozes (Slime:5)
  An apocalypse crab (Zig:9)
4 creatures vanquished.

Vanquished Creatures (others)
  An eldritch tentacle (Slime:4)
  3 azure jellies (Slime:5)
  A very ugly thing (Zig:9)
  A deep troll earth mage (Depths:2)
  An iron troll (shapeshifter) (Zig:9)
  An orc knight (Vaults:3)
  A manticore (Shoals:2)
  A yaktaur (Depths:1)
  A polar bear (Lair:6)
  A dream sheep (Shoals:4)
  A golden eye (Abyss:4)
  A chaos spawn (Zig:9)
  5 dancing weapons
  An orc warrior (Vaults:5)
  A boggart (Depths:3)
  A centaur (D:11)
  A bush (Lair:6)
  11 fungi
  43 plants
  21 starspawn tentacles
  4 tentacles (Shoals:3)
102 creatures vanquished.

Grand Total: 3253 creatures vanquished

Notes
Turn   | Place    | Note
-------+----------+-------------------------------------------
     0 | D:1      | namelastname112 the Draconian Assassin began the quest for the Orb.
     0 | D:1      | Reached XP level 1. HP: 17/17 MP: 1/1
    44 | D:1      | Reached skill level 1 in Dodging
   245 | D:1      | Reached XP level 2. HP: 22/24 MP: 2/2
   938 | D:2      | Reached XP level 3. HP: 30/30 MP: 3/3
  1335 | D:2      | Noticed Natasha
  1336 | D:2      | Found a bloodstained altar of Trog.
  1341 | D:2      | Killed Natasha
  1621 | D:2      | Noticed Natasha
  1638 | D:2      | Killed Natasha
  1638 | D:2      | Reached XP level 4. HP: 15/37 MP: 1/4
  1821 | D:2      | Noticed Natasha
  1843 | D:2      | Killed Natasha
  2245 | D:3      | Noticed sergedm's ghost (amateur DECj)
  2777 | D:4      | Noticed Menkaure
  2779 | D:5      | Entered Level 5 of the Dungeon
  2838 | D:4      | Reached XP level 5. HP: 38/45 MP: 5/5
  2936 | D:4      | Killed Menkaure
  2936 | D:4      | Reached XP level 6. HP: 19/51 MP: 3/6
  3200 | D:4      | Found a sacrificial altar of Ru.
  3513 | D:3      | Killed sergedm's ghost
  4066 | D:3      | Found a shimmering altar of Xom.
  4228 | D:3      | Found a shimmering altar of Xom.
  4637 | D:5      | Your scales start taking on an icy white colour.
  4637 | D:5      | Reached XP level 7. HP: 21/58 MP: 2/7
  4637 | D:5      | Gained mutation: Your flesh is cold resistant. (rC+) [White Draconian growth]
  4811 | D:5      | Reached skill level 5 in Short Blades
  5338 | D:5      | Reached skill level 5 in Stealth
  5357 | D:5      | Found a staircase to the Ecumenical Temple.
  5363 | Temple   | Entered the Ecumenical Temple
  5376 | Temple   | Became a worshipper of Uskayaw the Reveler
  5488 | D:5      | Reached * piety under Uskayaw
  5494 | D:5      | Reached ** piety under Uskayaw
  5513 | D:5      | Reached *** piety under Uskayaw
  5685 | D:5      | Identified a scroll of acquirement
  5716 | D:5      | Reached skill level 1 in Invocations
  5808 | D:6      | Reached XP level 8. HP: 41/67 MP: 5/9
  5835 | D:6      | Gained mutation: You have sharp fingernails. [potion of mutation]
  5835 | D:6      | Gained mutation: You are agile. (Dex +2) [potion of mutation]
  5879 | D:6      | Found a shadowy altar of Dithmenos.
  5885 | D:6      | Noticed Eustachio
  5924 | D:6      | Reached **** piety under Uskayaw
  6689 | D:6      | Reached ***** piety under Uskayaw
  6740 | D:6      | Found a snail-covered altar of Cheibriados.
  6883 | D:6      | Killed Eustachio
  6972 | D:6      | Found a deep blue altar of Sif Muna.
  7207 | D:7      | Noticed Prince Ribbit
  7217 | D:7      | Killed Prince Ribbit
  7217 | D:7      | Reached skill level 5 in Fighting
  7518 | D:7      | Reached XP level 9. HP: 69/73 MP: 12/12
  7565 | D:7      | Reached skill level 5 in Invocations
  7700 | D:7      | Noticed a wizard
  7704 | D:7      | Noticed a wizard
  7714 | D:7      | Killed a wizard
  7723 | D:7      | Reached ****** piety under Uskayaw
  7731 | D:7      | Killed a wizard
  7731 | D:7      | Reached skill level 5 in Throwing
  8107 | D:7      | Reached XP level 10. HP: 82/82 MP: 13/15
  8534 | D:8      | Noticed Tungsten's ghost (novice HOFE)
  8954 | D:8      | Found a basalt altar of Yredelemnul.
  9022 | D:9      | Noticed Erolcha
  9037 | D:9      | Killed Erolcha
  9037 | D:9      | Reached skill level 5 in Dodging
  9148 | D:9      | Noticed Maurice
  9154 | D:9      | Killed Maurice
  9487 | D:9      | Found an opulent altar of Gozag.
  9530 | D:9      | Noticed a two-headed ogre
  9547 | D:9      | Killed a two-headed ogre
  9770 | D:9      | Noticed a two-headed ogre
  9785 | D:9      | Killed a two-headed ogre
  9785 | D:9      | Reached XP level 11. HP: 30/92 MP: 12/17
 10270 | D:10     | Entered Level 10 of the Dungeon
 10351 | D:10     | Noticed a death knight
 10952 | D:10     | Reached skill level 10 in Short Blades
 11684 | D:10     | Found a shimmering altar of Xom.
 11721 | D:10     | Noticed a six-headed hydra
 12350 | D:8      | Found a staircase to the Lair.
 12390 | Lair:1   | Entered Level 1 of the Lair of Beasts
 12690 | Lair:1   | Noticed a five-headed hydra
 12713 | Lair:1   | Killed a five-headed hydra
 12713 | Lair:1   | Reached skill level 10 in Invocations
 12713 | Lair:1   | Reached XP level 12. HP: 60/103 MP: 14/19
 13496 | Lair:2   | Learned a level 6 spell: Invisibility
 13694 | Lair:2   | Reached skill level 1 in Spellcasting
 13694 | Lair:2   | Reached skill level 1 in Hexes
 14082 | Lair:2   | Noticed a seven-headed hydra
 14100 | Lair:2   | Killed a seven-headed hydra
 15170 | Lair:3   | Reached skill level 5 in Spellcasting
 15176 | Lair:3   | Reached skill level 5 in Hexes
 16238 | Lair:3   | Noticed a fire dragon
 16273 | Lair:3   | Killed a fire dragon
 16273 | Lair:3   | Reached XP level 13. HP: 84/108 MP: 17/22
 16511 | Lair:4   | Found a hole to the Spider Nest.
 16586 | Lair:4   | Noticed Nessos
 16600 | Lair:4   | Killed Nessos
 17158 | Lair:4   | Noticed Leszczynek's ghost (journeyman TrSk)
 18616 | Lair:6   | Entered Level 6 of the Lair of Beasts
 19210 | Lair:6   | Found a dark tunnel.
 19228 | Volcano  | Entered a volcano
 20339 | Lair:6   | Found a staircase to the Slime Pits.
 20346 | Lair:6   | Reached skill level 10 in Hexes
 20365 | Lair:6   | Reached XP level 14. HP: 102/116 MP: 23/27
 22381 | Lair:6   | Found a large runed door.
 22381 | Lair:6   | Found a large runed door.
 23099 | Lair:4   | Found a staircase to the Shoals.
 23635 | Lair:1   | Learned a level 3 spell: Tukima's Dance
 23637 | Lair:1   | Learned a level 1 spell: Apportation
 24320 | D:10     | Learned a level 2 spell: Ensorcelled Hibernation
 24326 | D:10     | Learned a level 5 spell: Silence
 24900 | D:11     | Found a staircase to the Orcish Mines.
 25898 | D:12     | Reached skill level 10 in Stealth
 25926 | D:12     | Noticed Frances
 26239 | D:12     | Found a labyrinth entrance.
 26248 | Lab      | Entered a labyrinth
 26590 | Lab      | Identified Sif Muna's Almanac of Moulding and Enhancements
 26598 | Lab      | Got a transparent platinum ring
 26599 | Lab      | Identified the ring of Spring {rPois rN+++ MR- Str+4 SInv} (You found it in a labyrinth)
 26606 | Lab      | Learned a level 3 spell: Regeneration
 26613 | Lab      | Learned a level 2 spell: Blink
 26798 | D:12     | Noticed Harold
 26825 | D:12     | Killed Harold
 26972 | D:12     | Noticed Rupert
 27407 | D:13     | Reached skill level 10 in Spellcasting
 27407 | D:13     | Reached XP level 15. HP: 66/125 MP: 27/29
 28942 | D:14     | Noticed Josephine
 28966 | D:14     | Killed Josephine
 29275 | D:14     | Found a gate to the Vaults.
 29695 | D:15     | Entered Level 15 of the Dungeon
 30667 | D:15     | Reached skill level 10 in Fighting
 30817 | D:15     | Paralysed by a wizard for 6 turns
 31199 | D:15     | Found a staircase to the Depths.
 31396 | D:15     | Reached skill level 1 in Shields
 32244 | D:15     | Cast into level 3 of the Abyss (a wizard)
 32269 | Abyss:3  | Noticed an Executioner
 32315 | D:15     | Escaped the Abyss
 32659 | Orc:1    | Entered Level 1 of the Orcish Mines
 32757 | Orc:2    | Entered Level 2 of the Orcish Mines
 32880 | Orc:2    | Found a staircase to the Elven Halls.
 33031 | Orc:1    | Noticed Nergalle
 33040 | Orc:1    | Killed Nergalle
 33102 | Orc:1    | Found Daddiofo's General Store.
 33225 | Orc:1    | Found a roughly hewn altar of Beogh.
 33231 | Orc:1    | Reached XP level 16. HP: 135/135 MP: 30/30
 33534 | Orc:2    | Found Ifiybrevuh's Jewellery Shoppe.
 33691 | Orc:2    | Found Millik's Distillery.
 33693 | Orc:2    | Found Vukoupho's General Store.
 36764 | Orc:2    | Found Namom's Antique Weapon Shoppe.
 36764 | Orc:2    | Found Mussi's Book Emporium.
 36766 | Orc:2    | Found a one-way gate leading to the halls of Pandemonium.
 36770 | Orc:2    | Bought a book of Enchantments for 650 gold pieces
 36776 | Orc:2    | Learned a level 5 spell: Yara's Violent Unravelling
 37013 | Orc:2    | Reached skill level 5 in Shields
 37034 | Elf:1    | Entered Level 1 of the Elven Halls
 37138 | Elf:1    | Found a frozen archway.
 39459 | Elf:2    | Reached XP level 17. HP: 130/144 MP: 31/31
 39853 | Elf:2    | Found a runed door.
 39883 | Elf:2    | Found a runed door.
 40211 | Elf:3    | Entered Level 3 of the Elven Halls
 41104 | D:8      | Killed Tungsten's ghost
 41437 | Spider:1 | Entered Level 1 of the Spider Nest
 45223 | Spider:4 | Entered Level 4 of the Spider Nest
 45764 | Spider:3 | Reached skill level 10 in Dodging
 46213 | Spider:4 | Reached XP level 18. HP: 146/154 MP: 32/32
 47576 | Spider:4 | Got a gossamer rune of Zot
 47759 | Lair:4   | Killed Leszczynek's ghost
 47796 | Shoals:1 | Entered Level 1 of the Shoals
 49070 | Shoals:2 | Noticed Kirke
 49073 | Shoals:2 | Killed Kirke
 49073 | Shoals:2 | Reached skill level 10 in Throwing
 49441 | Shoals:2 | Learned a level 3 spell: Spectral Weapon
 50434 | Shoals:3 | Found Seownesch's Gadget Shop.
 50789 | Shoals:3 | Reached skill level 1 in Charms
 51641 | Shoals:4 | Entered Level 4 of the Shoals
 51664 | Shoals:4 | Noticed Ilsuiw
 51674 | Shoals:4 | Killed Ilsuiw
 51899 | Shoals:4 | Reached XP level 19. HP: 162/162 MP: 34/34
 52174 | Shoals:4 | Learned a level 4 spell: Passage of Golubria
 52212 | Shoals:4 | Noticed psellion's ghost (adept FoFi)
 54624 | Shoals:4 | Got a barnacled rune of Zot
 55577 | D:12     | Paralysed by Rupert for 6 turns
 55853 | Vaults:1 | Entered Level 1 of the Vaults
 56806 | Vaults:1 | Noticed a Brimstone Fiend
 56811 | Vaults:1 | Cast into level 3 of the Abyss (a deep elf sorcerer)
 56848 | Abyss:3  | Found a corrupted altar of Lugonu.
 56946 | Abyss:3  | Gained mutation: You are robust. (+10% HP) [a neqoxec]
 57249 | Vaults:1 | Escaped the Abyss
 57631 | Vaults:1 | Noticed a Brimstone Fiend
 58494 | Vaults:1 | Reached XP level 20. HP: 143/189 MP: 25/35
 58930 | Vaults:2 | Found a flickering gateway to a bazaar.
 58942 | Bazaar   | Entered a bazaar
 58956 | Bazaar   | Found Faloen's Distillery.
 58956 | Bazaar   | Found Dentep's Book Emporium.
 58977 | Bazaar   | Found Qimusauju's Jewellery Shoppe.
 58977 | Bazaar   | Found Quaziyf's Antique Armour Emporium.
 58981 | Bazaar   | Bought a transparent hat for 189 gold pieces
 58998 | Bazaar   | Found Ymis's Gadget Emporium.
 59057 | Bazaar   | Bought a potion of curing for 36 gold pieces
 59057 | Bazaar   | Bought a potion of curing for 36 gold pieces
 59057 | Bazaar   | Bought 2 potions of curing for 72 gold pieces
 59057 | Bazaar   | Bought a potion of curing for 36 gold pieces
 59057 | Bazaar   | Bought a potion of curing for 36 gold pieces
 59059 | Bazaar   | Identified the cursed +0 hat of Impressiveness {MR+ Regen+ Str+4 Dex+3} (You bought it in a shop in a bazaar)
 59177 | Vaults:2 | Reached skill level 15 in Invocations
 59540 | Vaults:2 | Noticed Saint Roka
 59574 | Vaults:2 | Killed Saint Roka
 59574 | Vaults:2 | Reached skill level 5 in Charms
 59970 | Vaults:2 | Found a staircase to the Crypt.
 60328 | Vaults:2 | Found Naukhlooj's Armour Shoppe.
 60469 | Vaults:2 | Found Meewn's Antique Weapon Emporium.
 60645 | Vaults:2 | Found Urhax's Book Boutique.
 60858 | Vaults:2 | Bought the +2 ratskin cloak {+Rats rPois rN+ Str-1 Int-1 Dex+1} for 500 gold pieces
 61263 | Vaults:3 | Found Kogatreamp's Armour Emporium.
 61831 | Vaults:3 | Reached skill level 15 in Short Blades
 62318 | Vaults:3 | Reached XP level 21. HP: 169/200 MP: 32/37
 62517 | Vaults:4 | Found a magical portal.
 62526 | WizLab   | Entered Doroklohe's Tomb
 62837 | WizLab   | Noticed a greater mummy
 62840 | WizLab   | Killed a greater mummy
 63830 | Vaults:4 | Reached skill level 15 in Stealth
 63877 | Vaults:4 | Found Feazouh's Weapon Shoppe.
 63917 | Vaults:4 | Noticed Boris
 63922 | Vaults:4 | Killed Boris
 63933 | Vaults:4 | Reached skill level 15 in Fighting
 65924 | Elf:3    | Got a glittering crystal amulet
 65928 | Elf:3    | Identified the amulet "Mumimeti" {Spirit rC++ rN+} (You took it off a deep elf annihilator on level 3 of the Elven Halls)
 65982 | Elf:3    | Reached XP level 22. HP: 157/211 MP: 39/39
 66403 | Elf:3    | Got a scintillating glass ring
 66710 | Elf:3    | Identified Moyck's Papyrus of Enchantment
 66837 | Elf:3    | Identified the ring of Qanwih Zutum {rPois rC+ Int+2 Dex+2 Slay+5} (You took it off a deep elf sorcerer on level 3 of the Elven Halls)
 67333 | Depths:1 | Entered Level 1 of the Depths
 67554 | Depths:1 | Found a gateway to Hell.
 67826 | Depths:1 | Found Eduicug's Jewellery Emporium.
 67826 | Depths:1 | Found Josim's Gadget Shop.
 67827 | Depths:1 | Found Kiynweug's Jewellery Emporium.
 69079 | Depths:2 | Noticed Jorgrun
 69092 | Depths:2 | Killed Jorgrun
 70237 | Depths:2 | Reached XP level 23. HP: 131/221 MP: 33/40
 71577 | Depths:3 | Paralysed by a lich for 4 turns
 72587 | Depths:4 | Got a sparkling ivory amulet
 72588 | Depths:4 | Identified the amulet of Pamosk {Spirit rN+ MR- Int+4} (You found it on level 4 of the Depths)
 72731 | Depths:4 | Noticed a caustic shrike
 72744 | Depths:4 | Killed a caustic shrike
 72785 | Depths:4 | Found a one-way gate to the infinite horrors of the Abyss.
 72951 | Depths:4 | Noticed Mennas
 72952 | Depths:4 | Killed Mennas
 73002 | Depths:4 | Reached XP level 24. HP: 139/233 MP: 29/41
 73788 | Depths:5 | Entered Level 5 of the Depths
 73829 | Depths:5 | Got a pair of jewelled gloves
 73840 | Depths:5 | Identified the +3 pair of gloves of the Wumpus {+Fly rN+++ Str+3 Int-5} (You acquired it on level 5 of the Depths)
 73883 | Depths:5 | Reached skill level 1 in Translocations
 73942 | Depths:5 | Found a gateway to a ziggurat.
 74167 | Depths:5 | Found Ruixuem's Antique Weapon Emporium.
 74231 | Depths:5 | Found Odeim's Distillery.
 74234 | Depths:5 | Bought a potion of curing for 48 gold pieces
 74234 | Depths:5 | Bought a potion of curing for 48 gold pieces
 74234 | Depths:5 | Bought a potion of heal wounds for 80 gold pieces
 74666 | Depths:5 | Found a snail-covered altar of Cheibriados.
 74731 | Depths:5 | Found Iloew's General Store.
 74733 | Depths:5 | Found Sulot's Antique Armour Boutique.
 74739 | Depths:5 | Bought a potion of heal wounds for 95 gold pieces
 74744 | Depths:5 | Bought a shiny plate armour for 962 gold pieces
 74744 | Depths:5 | Bought a pair of glowing boots for 277 gold pieces
 74754 | Depths:5 | Identified a +2 pair of boots of running (You bought it in a shop on level 5 of the Depths)
 75177 | Depths:5 | Found a gate to the Realm of Zot.
 75753 | Vaults:5 | Entered Level 5 of the Vaults
 76192 | Vaults:5 | Reached skill level 5 in Translocations
 76302 | Vaults:5 | epen: ого
 76330 | Vaults:5 | epen: драконид
 76339 | Vaults:5 | epen: что-то новенькое
 76586 | Vaults:5 | epen: слыш
 76598 | Vaults:5 | epen: ты это
 76643 | Vaults:5 | epen: 25 ас где спиздил?
 76646 | Vaults:5 | namelastname112: лол
 76646 | Vaults:5 | namelastname112: так вышло
 76672 | Vaults:5 | Reached XP level 25. HP: 243/243 MP: 41/41
 76723 | Vaults:5 | epen: найс инвиз
 76927 | Vaults:5 | epen: слыш
 76927 | Vaults:5 | namelastname112: чето их там много
 76942 | Vaults:5 | epen: как работают пити у диджея?
 76971 | Vaults:5 | namelastname112: урон делаешь
 76971 | Vaults:5 | namelastname112: набирается
 76982 | Vaults:5 | namelastname112: перестаешь
 76982 | Vaults:5 | namelastname112: падает
 77027 | Vaults:5 | epen: бля
 77034 | Vaults:5 | epen: вот чё смешно
 77049 | Vaults:5 | epen: так это то что с драков сразу армор падает
 77066 | Vaults:5 | epen: а не шкуры как раньше
 77116 | Vaults:5 | epen: смешно очень
 77116 | Vaults:5 | namelastname112: да
 77116 | Vaults:5 | namelastname112: тупо
 77116 | Vaults:5 | namelastname112: ну он называется теперь
 77116 | Vaults:5 | namelastname112: SCALES
 77116 | Vaults:5 | namelastname112: так что это тип не броня
 77153 | Vaults:5 | Got a flickering bronze ring
 77216 | Vaults:5 | Reached skill level 15 in Dodging
 77309 | Vaults:5 | epen: Бля
 77390 | Vaults:5 | epen: Ты вот с танцором гоняешь
 77412 | Vaults:5 | epen: и у меня песня короче вот эта сразу
 77412 | Vaults:5 | epen: https://www.youtube.com/watch?v=_Alb-l8vT0U
 77438 | Vaults:5 | epen: Буги
 77443 | Vaults:5 | epen: Вуги
 77449 | Vaults:5 | epen: Окей
 77581 | Vaults:5 | Got a silver rune of Zot
 77674 | Vaults:5 | Identified the ring "Wang" {+Blink rPois Str+4 Stlth+} (You took it off a vault guard on level 5 of the Vaults)
 77694 | Vaults:5 | Got a scintillating golden ring
 77695 | Vaults:5 | Identified the cursed ring of Umuec {+Blink rElec rPois Dex-3 Stlth-} (You took it off an orc knight on level 5 of the Vaults)
 77723 | Vaults:5 | epen: ого
 77724 | Vaults:5 | epen: слей +5
 77724 | Vaults:5 | namelastname112: я убийца
 77749 | Vaults:5 | epen: нет
 77754 | Vaults:5 | epen: ты крыса
 77786 | Vaults:5 | epen: предлагаешь потанцевать
 77798 | Vaults:5 | epen: и убиваешь
 77896 | Vaults:5 | epen: блять
 77943 | Vaults:5 | epen: я думал только обычных крыс суммонит
 77966 | Vaults:5 | epen: а он даже адских блять
 77966 | Vaults:5 | namelastname112: хуй
 77966 | Vaults:5 | namelastname112: прикинь в начале игры найти
 77966 | Vaults:5 | namelastname112: заебись будет
 77966 | Vaults:5 | namelastname112: это у меня еще эвоки хуевые
 78105 | Vaults:5 | epen: когда уже уник крыса будет?
 78460 | Vaults:5 | Got a coiled silver ring
 78461 | Vaults:5 | Identified the cursed ring "Goah" {rC- Str+3 Int+6 Slay-2} (You found it on level 5 of the Vaults)
 78688 | Vaults:3 | namelastname112: лол
 78688 | Vaults:3 | namelastname112: хочу уник ооф
 78806 | Crypt:1  | Entered Level 1 of the Crypt
 79113 | Crypt:1  | epen: слыш
 79123 | Crypt:1  | epen: вот объясни
 79162 | Crypt:1  | epen: драконы это же ящерицы
 79263 | Crypt:1  | epen: то есть хули они пидоров в инвизе не видят?
 79284 | Crypt:1  | epen: это нелогично
 79286 | Crypt:1  | Reached skill level 15 in Spellcasting
 79361 | Crypt:1  | namelastname112: лол
 79361 | Crypt:1  | namelastname112: в смысле?
 79361 | Crypt:1  | namelastname112: где логика
 79640 | Crypt:2  | Found a corrupted altar of Lugonu.
 79950 | Crypt:2  | epen: Имя
 79953 | Crypt:2  | epen: Я тут тебя нашёл
 80036 | Crypt:2  | epen: https://2ch.hk/b/src/157795581/15010035241702.jpg
 80044 | Crypt:2  | epen: https://2ch.hk/b/src/157795581/15010035241703.jpg
 80044 | Crypt:2  | namelastname112: я не такой жирный
 80044 | Crypt:2  | epen: https://2ch.hk/b/src/157795581/15010035241691.jpg
 80440 | Crypt:2  | Found a basalt altar of Yredelemnul.
 80545 | Crypt:3  | Entered Level 3 of the Crypt
 80621 | Crypt:3  | epen: короче
 80634 | Crypt:3  | Reached XP level 26. HP: 241/255 MP: 42/42
 80664 | Crypt:3  | epen: следующим принцем будет
 80684 | Crypt:3  | Found a staircase to the Tomb.
 80698 | Crypt:3  | epen: ЕСЛИ У ВАС НЕТ КАРТ 1 МАНА
 80769 | Crypt:3  | Reached skill level 15 in Hexes
 80770 | Crypt:3  | namelastname112: лол
 80770 | Crypt:3  | namelastname112: меняет вашего героя на еблана
 80770 | Crypt:3  | namelastname112: просто у тебя надпись вместо портрета
 80770 | Crypt:3  | namelastname112: ЕБЛАН
 81644 | Crypt:3  | Found an ancient bone altar of Kikubaaqudgha.
 81651 | Crypt:3  | Found a basalt altar of Yredelemnul.
 81726 | Crypt:3  | epen: ого
 81743 | Crypt:3  | epen: мануалы
 81796 | Crypt:3  | epen: мануальчики
 81799 | Crypt:3  | namelastname112: бля
 81799 | Crypt:3  | namelastname112: в абисс чтоль
 81799 | Crypt:3  | namelastname112: фаер резиста нет ниху
 81799 | Crypt:3  | namelastname112: я
 82119 | Vaults:5 | epen: Так ты это
 82135 | Vaults:5 | epen: Сходи в зиг
 82135 | Vaults:5 | epen: на 5-ку этажей
 82135 | Vaults:5 | namelastname112: ммм
 82135 | Vaults:5 | namelastname112: рисковая тема
 82138 | Vaults:5 | epen: так ты ж любишь риск
 82336 | D:13     | namelastname112: ну можно
 82535 | Lair:1   | Learned a level 8 spell: Discord
 82844 | Depths:1 | Bought the ring of the Mage {Wiz MR++ Int+3} for 827 gold pieces
 82974 | Zig:1    | Entered Level 1 of a ziggurat
 82993 | Zig:2    | Entered Level 2 of a ziggurat
 83028 | Zig:3    | Entered Level 3 of a ziggurat
 83052 | Zig:3    | epen: блять
 83062 | Zig:3    | epen: эти новые гарпие
 83066 | Zig:4    | Entered Level 4 of a ziggurat
 83069 | Zig:4    | epen: пиздец
 83094 | Zig:4    | epen: что с ними не так?
 83110 | Zig:4    | namelastname112: у них проблемы
 83113 | Zig:5    | Entered Level 5 of a ziggurat
 83236 | Zig:6    | Entered Level 6 of a ziggurat
 83238 | Zig:6    | epen: ооооо
 83255 | Zig:6    | epen: люблю этот зиг
 83262 | Zig:6    | epen: Ща тебя заклюют
 83266 | Zig:6    | epen: бля
 83275 | Zig:6    | epen: не ходи дальше
 83366 | Zig:6    | Got a faintly glowing platinum amulet
 83367 | Zig:6    | epen: ща будет зиг из панов
 83367 | Zig:6    | Identified the amulet of Wariness {+Rage rF+++ rC++ Str-3} (You found it on level 6 of a ziggurat)
 83368 | Zig:6    | epen: оооо
 83368 | Zig:6    | epen: оооо
 83368 | Zig:6    | namelastname112: ебать
 83368 | Zig:6    | epen: Я ж сказал сука
 83369 | Zig:6    | epen: Вот тебе и резисты
 83381 | Zig:7    | Entered Level 7 of a ziggurat
 83383 | Zig:7    | namelastname112: м
 83397 | Zig:7    | epen: о
 83409 | Zig:7    | epen: Скелеторы
 83434 | Zig:7    | epen: давай
 83434 | Zig:7    | epen: бренд
 83439 | Zig:7    | epen: бля
 83439 | Zig:7    | epen: ну так
 83439 | Zig:7    | namelastname112: блять
 83439 | Zig:7    | epen: не элек
 83439 | Zig:7    | namelastname112: еще хуже
 83441 | Zig:8    | Entered Level 8 of a ziggurat
 83508 | Zig:8    | epen: ненавижу блять клоунов
 83534 | Zig:8    | epen: бля
 83534 | Zig:8    | epen: может пора завязывать?
 83580 | Zig:8    | namelastname112: у меня три блинка
 83584 | Zig:9    | Entered Level 9 of a ziggurat
 83593 | Zig:9    | Noticed Laulusul the pandemonium lord
 83593 | Zig:9    | namelastname112: м
 83593 | Zig:9    | namelastname112: здорово
 83594 | Zig:9    | epen: паны подъехали
 83595 | Zig:9    | Noticed Daelanen the pandemonium lord
 83595 | Zig:9    | Noticed Deuxt the pandemonium lord
 83616 | Zig:9    | epen: давай это
 83616 | Zig:9    | epen: домой
 83616 | Zig:9    | epen: а то чё-то не внушает доверия твой бог
 83704 | Depths:5 | epen: ну
 83707 | Depths:5 | epen: вообще норм
 83830 | Depths:4 | Voluntarily entered the Abyss.
 83834 | Abyss:1  | Found a corrupted altar of Lugonu.
 83872 | Abyss:1  | Noticed an ancient lich
 83880 | Abyss:1  | Killed an ancient lich
 83938 | Abyss:1  | epen: бля
 83976 | Abyss:1  | epen: а руны до сих пор на 1-ом не всречаются?
 84078 | Abyss:1  | namelastname112: неа
 84119 | Abyss:2  | Found a corrupted altar of Lugonu.
 84122 | Abyss:2  | epen: ну ща на третий спустишься
 84126 | Abyss:2  | epen: и норм
 84142 | Abyss:2  | Gained mutation: You are dopey. (Int -2) [mutagenic glow]
 84242 | Abyss:3  | Found an iron altar of Okawaru.
 84244 | Abyss:3  | epen: ебучие звёзды
 84311 | Abyss:3  | epen: как же я их ненавижу
 84317 | Abyss:3  | Found an iron altar of Okawaru.
 84395 | Abyss:3  | Paralysed by accursed screaming for 1 turns
 84397 | Abyss:3  | epen: давай это
 84397 | Abyss:3  | epen: ывше
 84433 | Abyss:3  | epen: мож это
 84435 | Abyss:3  | epen: теле?
 84438 | Abyss:3  | epen: а лучше блинк
 84438 | Abyss:3  | epen: и теле
 84453 | Abyss:3  | epen: реген-то прожми
 84616 | Abyss:3  | epen: бля
 84622 | Abyss:3  | epen: стой
 84626 | Abyss:3  | epen: левее вроде
 84644 | Abyss:3  | epen: было чё-то
 84699 | Abyss:3  | epen: сука
 84808 | Abyss:3  | epen: опа
 84808 | Abyss:3  | epen: нашёл
 84808 | Abyss:3  | Reached XP level 27. HP: 262/262 MP: 42/42
 84964 | Abyss:3  | epen: ооооо
 84991 | Abyss:3  | epen: красиво
 85005 | Abyss:3  | epen: слыш
 85007 | Abyss:3  | epen: тебе это
 85034 | Abyss:3  | epen: берсу подмешали?
 85040 | Abyss:3  | namelastname112: не
 85040 | Abyss:3  | namelastname112: в облачке стоял
 85041 | Abyss:3  | epen: ну хоть так
 85091 | Abyss:3  | epen: а то блять за енчантера с берсой такое себе
 85093 | Abyss:3  | namelastname112: лол
 85093 | Abyss:3  | namelastname112: у меня первый этаж
 85093 | Abyss:3  | namelastname112: в депсах
 85093 | Abyss:3  | namelastname112: такой
 85153 | Abyss:3  | epen: короче
 85157 | Abyss:3  | epen: справа
 85197 | Abyss:3  | epen: но это лево
 85220 | Abyss:3  | namelastname112: я пришел
 85220 | Abyss:3  | namelastname112: справа
 85281 | Abyss:3  | epen: сука
 85305 | Abyss:3  | epen: может уже на 4-ый абис
 85314 | Abyss:3  | epen: и быстрее найдём?
 85441 | Abyss:4  | epen: давай
 85447 | Abyss:4  | epen: ооооо
 85450 | Abyss:4  | epen: красиво
 85519 | Abyss:4  | epen: я помню как в пятом за 30 ходов нашёл
 85533 | Abyss:4  | epen: как у бима спросить?
 85585 | Abyss:4  | epen: напомни
 85590 | Abyss:4  | namelastname112: ??dang
 85590 | Abyss:4  | beem: I don't have a page labeled dang in my learndb. Did you mean: cang, danr, tang, wang.
 85632 | Abyss:4  | namelastname112: или тебе че
 85632 | Abyss:4  | namelastname112: !speedabyss
 85632 | Abyss:4  | epen: Типа ходы за абис
 85632 | Abyss:4  | epen: да
 85645 | Abyss:4  | epen: !speedabyss .
 85655 | Abyss:4  | beem: namelastname112's fastest abyss rune retrieval: 33
 85669 | Abyss:4  | beem: epen's fastest abyss rune retrieval: 137
 85729 | Abyss:4  | epen: а на пятом големы
 85731 | Abyss:4  | epen: ммм
 85827 | Abyss:4  | Gained mutation: Your body sometimes deteriorates upon taking damage. [a shining eye]
 85874 | Abyss:4  | epen: лол
 85887 | Abyss:4  | epen: словил всё таки
 85970 | Abyss:4  | Found a corrupted altar of Lugonu.
 85972 | Abyss:4  | epen: бля
 85979 | Abyss:4  | epen: а там норм
 86093 | Abyss:4  | epen: о
 86097 | Abyss:4  | epen: молодец
 86116 | Abyss:4  | epen: смотри как светится
 86201 | Abyss:4  | Got an abyssal rune of Zot
 86369 | Depths:4 | Escaped the Abyss
 86371 | Depths:4 | namelastname112: ебать звезда подарила
 86376 | Depths:4 | epen: звезды это круто
 86376 | Depths:4 | epen: звезды это класс
 86499 | Depths:1 | epen: бляяяяя
 86536 | D:14     | epen: ну не
 86620 | D:12     | epen: давай без смайлов
 86710 | Orc:2    | epen: сука
 86710 | Orc:2    | Bought an uncursed ring of resist corrosion for 200 gold pieces
 86853 | Elf:1    | epen: ну самые скучные
 87176 | Elf:2    | namelastname112: ммммммммммммммммм
 87515 | Lair:1   | Learned a level 6 spell: Deflect Missiles
 87516 | Lair:1   | epen: https://2ch.hk/b/src/157778498/15009890395720.webm
 87517 | Lair:1   | namelastname112: бля
 87517 | Lair:1   | namelastname112: у меня комп зплпгпл
 87517 | Lair:1   | namelastname112: залагал
 87517 | Lair:1   | namelastname112: из-за твоего вебма
 87518 | Lair:1   | epen: это вишмастер
 88066 | D:12     | Killed Frances
 88343 | Lair:6   | Reached skill level 1 in Air Magic
 88403 | Slime:1  | Entered Level 1 of the Pits of Slime
 88503 | Slime:4  | epen: короче
 88528 | Slime:4  | epen: действуем по старой тактике
 88550 | Slime:5  | Entered Level 5 of the Pits of Slime
 88555 | Slime:5  | epen: ищём абис
 88571 | Slime:5  | epen: молимся тамошнему богу
 88578 | Slime:5  | epen: апаем пити
 88582 | Slime:5  | epen: приходим
 88585 | Slime:5  | Noticed the Royal Jelly
 88585 | Slime:5  | Gained mutation: Your spells are a little easier to cast, but a little less powerful. [a shining eye]
 88588 | Slime:5  | epen: прожимаем AC
 88593 | Slime:5  | epen: ac*
 88599 | Slime:4  | Gained mutation: Your body often deteriorates upon taking damage. [a shining eye]
 88600 | Slime:4  | epen: и всё
 88715 | Slime:4  | namelastname112: лол
 88715 | Slime:4  | namelastname112: пиздец наступил
 88865 | Slime:4  | epen: кто-нить уже делал мумо?
 89111 | Slime:5  | epen: а то я не следил
 89111 | Slime:5  | namelastname112: конечно
 89126 | Slime:5  | Found a viscous altar of Jiyva.
 89127 | Slime:5  | epen: прям фул?
 89143 | Slime:5  | epen: все правила соблюдены были?
 89156 | Slime:5  | Gained mutation: Your magical capacity is low. (-10% MP) [a shining eye]
 89157 | Slime:5  | epen: сука
 89164 | Slime:5  | epen: стой
 89166 | Slime:5  | epen: какого хуя?
 89171 | Slime:5  | epen: почему половина только?
 89446 | Slime:4  | namelastname112: че
 89446 | Slime:4  | epen: ну там
 89446 | Slime:4  | namelastname112: какая половина
 89446 | Slime:4  | epen: стены прорачные уже были
 89446 | Slime:4  | namelastname112: ну тип
 89446 | Slime:4  | namelastname112: так давно уже
 89446 | Slime:4  | namelastname112: я его ща ебну
 89446 | Slime:4  | namelastname112: и они откроются
 89446 | Slime:4  | namelastname112: сами
 89446 | Slime:4  | epen: блять
 89446 | Slime:4  | epen: рили?
 89446 | Slime:4  | namelastname112: ага
 89446 | Slime:4  | epen: оказуалили блять
 89446 | Slime:4  | namelastname112: пиздец
 89448 | Slime:4  | epen: раньше нахуй надо было палку ещё искать
 89487 | Slime:5  | epen: слыш
 89493 | Slime:5  | epen: а ты это
 89503 | Slime:5  | epen: сломать их сейчас не можешь?
 89507 | Slime:5  | Killed the Royal Jelly
 89573 | Slime:5  | Identified Veczebb's Almanac of the Rocks
 89579 | Slime:5  | Identified the Volume of Unstable Fire
 89643 | Slime:5  | Identified the Tome of Unstable Stones
 89651 | Slime:5  | Got a slimy rune of Zot
 89710 | Slime:5  | Got a scintillating gossamer ring
 89712 | Slime:5  | Identified the ring "Riomibb" {rC+ Dex+4} (You found it on level 5 of the Pits of Slime)
 90421 | Hell     | Entered the Vestibule of Hell
 90421 | Hell     | Noticed Geryon
 90682 | Hell     | Killed Geryon
 90779 | Hell     | namelastname112: а
 90779 | Hell     | namelastname112: приколюха
 90779 | Hell     | namelastname112: томба вообще пиздец стала
 90851 | Hell     | epen: чё там?
 90874 | Hell     | namelastname112: там все лестницы как эти
 90874 | Hell     | namelastname112: коринчевые
 90874 | Hell     | namelastname112: не потанцуешь больше
 90874 | Hell     | namelastname112: на лесенках
 90875 | Hell     | Found a gateway to the Iron City of Dis.
 90967 | Hell     | Found a gateway to the ashen valley of Gehenna.
 91114 | Hell     | Found a gateway to the decaying netherworld of Tartarus.
 91191 | Hell     | epen: слыш
 91230 | Hell     | epen: а в аду чё?
 91271 | Hell     | epen: в коке как обычно?
 91275 | Hell     | epen: пиздец?
 91343 | Hell     | namelastname112: хуй знает
 91343 | Hell     | namelastname112: давно тут не был
 91614 | Pan      | Entered Pandemonium
 91758 | Pan      | namelastname112: м
 91758 | Pan      | namelastname112: демонспавны инвиз не видят
 91758 | Pan      | namelastname112: лошары
 91910 | Pan      | Noticed Jeblyis the pandemonium lord
 91916 | Pan      | epen: На ломе сольёшься
 92049 | Pan      | namelastname112: мои иголочки так не думают
 92135 | Pan      | Killed Jeblyis the pandemonium lord
 92386 | Pan      | epen: драконид без высшего образования
 92494 | Pan      | epen: о
 92494 | Pan      | epen: бримуха
 92556 | Pan      | Noticed Ovuc the pandemonium lord
 92782 | Pan      | epen: ну чё
 92785 | Pan      | epen: как там без спелов?
 92786 | Pan      | epen: Энчантер
 92786 | Pan      | epen: :D :D :D
 92808 | Pan      | epen: давай хасты
 92808 | Pan      | epen: и нахуй от нео
 92839 | Pan      | epen: живой
 92859 | Pan      | epen: и не сломлен
 93041 | Pan      | epen: о
 93085 | Pan      | epen: ангельский пан
 93110 | Pan      | namelastname112: не
 93110 | Pan      | namelastname112: рандомная дева прост
 93164 | Pan      | epen: https://2ch.hk/b/src/157778498/15009941741020.webm
 93190 | Pan      | Noticed Ferreij the pandemonium lord
 93224 | Pan      | Found an exit through the horrors of the Abyss.
 93505 | Pan      | Killed Ferreij the pandemonium lord
 93709 | Pan      | HP: 9/268 [hellion/damnation (28)]
 93721 | Pan      | HP: 8/268 [hellion/damnation (32)]
 93730 | Pan      | HP: 11/268 [Hell Sentinel/iron shot (36)]
 93730 | Pan      | Killed from afar by a hellion

Vault maps used:
D:1:      mainiacjoe_arrival_reflecting_pool, minivault_24,
          minmay_misc_feat_enclosed
D:2:      bloody_trog, minivault_11, uniq_natasha
D:3:      marbit_many_paths, minivault_24, tgw_xom
D:4:      nicolae_ru_awakened_eye, first_bread, grunt_ministairs_11,
          hangedman_decor_points, uniq_menkaure
D:5:      temple_green
D:6:      lemuel_blue_sif_altar, grunt_dithmenos_smoke_and_mirrors, basic_altar,
          uniq_eustachio
D:7:      cheibrodos_wizards_tower, uniq_prince_ribbit1
D:8:      yredelemnul_forgotten_temple_becter, minmay_lair_entry_lava
D:9:      grunt_gozag_breadcrumbs, uniq_erolcha, uniq_maurice
D:10:     hangedman_cross_cluster, serial_undead, serial_undead_e,
          serial_undead_b, serial_undead_e, serial_undead_a, serial_undead_a,
          serial_undead_d, serial_undead_b, serial_undead_a, serial_undead_b,
          serial_undead_a, david_nohive_1
D:11:     david_orc_2, serial_glass, glass_columns_c, glass_columns_a
D:12:     lab_entry_generic, uniq_harold, uniq_rupert, uniq_frances
D:14:     david_vaults_4, kennysheep_potato, uniq_josephine
D:15:     grunt_enter_depths_magical_seal, serial_bayou_shore_a
Temple:   eino_wide_crystal_templ
Lair:1:   minivault_25, st_stairs_3
Lair:2:   lemuel_ratsnest, hibernation_bobbens, infiniplex_staircase_pool_2,
          grunt_megastairs_4
Lair:3:   dragon1_lemuel, minivault_27, minmay_holes,
          grunt_forest_large_clearings
Lair:4:   elwin_shoals_entry_rooms, dummy_spider_entry, grunt_megastairs_3,
          uniq_nessos
Lair:5:   serial_bayou_lagoon_b
Lair:6:   cheibrodos_lair_end_hotspot, minmay_slime_entry_oklob_enclosed,
          nicolae_volcano_entry_batcave
Shoals:2: uniq_kirke
Shoals:3: cheibrodos_shoals_epimethial_gifts, serial_shops, shop
Shoals:4: shoals_end_hangedman, shoals_ilsuiw_alternative
Spider:1: spider_trap
Spider:2: nicolae_spider_webbed_stairs
Spider:3: nicolae_looking_at_the_future
Spider:4: spider_rune_water, hangedman_stitches_earthworm
Slime:1:  nicolae_slime_phagocytosis
Slime:2:  cheibrodos_slime_lost_civilization_7
Orc:1:    cheibrodos_orc_bank, serial_shops, nicolae_shop_behind_doors,
          bh_open_orc_temple, uniq_nergalle
Orc:2:    pf_orc_diabolical, serial_shops,
          nicolae_shop_temple_entry_statues_fountains
Elf:1:    eino_elf_arrival_customs, portal_ice_cave_entry_pillars_four,
          hangedman_elven_crosses_minicolossus
Elf:2:    due_unseen_surprise
Elf:3:    minmay_elf_hall_not_hex
Vaults:1: nicolae_vaults_border_crossing, grunt_vaults_trifunnel, v_misc_17,
          nicolae_vaults_network_periphery, ontoclasm_vaults_shuriken,
          vaults_mumra_minichess_inversion, v_rooms_5,
          nicolae_vaults_three_branches, nicolae_vaults_an_arrangement, v_misc_8
Vaults:2: v_alt_pattern_1, hangedman_vaults_nails, grunt_vaults_hallway_long,
          hangedman_vaults_river_flow, vaults_room_pool,
          minmay_crypt_entry_skeletal_spiral, v_misc_13,
          ontoclasm_vaults_ring_small, nicolae_vaults_network_s, v_misc_14,
          dpeg_vaults_monster_box, nicolae_vaults_little_squares_4,
          vaults_standard_mumra_x, v_misc_29, serial_shops, bzr_entry_gold,
          shop, shop, nicolae_shop_temple_entry_statues_fountains,
          uniq_saint_roka
Vaults:3: st_squares, nicolae_vaults_twisting_passages, v_misc_14, v_pattern_3,
          vaults_room_grunt_arrival_ludios, ontoclasm_vaults_eye, v_misc_25,
          grunt_vaults_hallway_short, serial_shops, shop
Vaults:4: hangedman_vaults_slither, vaults_room_octagon, v_misc_16,
          v_alt_pattern_1, grunt_vaults_twisty, nicolae_vaults_theta, v_misc_12,
          nicolae_vaults_mini_display_case, mu_enter_wizlab_4, serial_shops,
          shop_fountains, uniq_boris
Vaults:5: serial_shops
Crypt:1:  st_stairs_6, minivault_19, grunt_crypt_arrival_split
Crypt:2:  basic_altar, lemuel_hellish_altar
Crypt:3:  lightli_unholy_cathedral, tomb_entry_simple_bobbens
Depths:1: hell_entry, minmay_shop_grove
Depths:2: kennysheep_blocky_hall, grunt_pan_entry_in_and_out,
          hangedman_abyss_or_decor_slice, hell_entry, corexii_corridor_pit,
          uniq_jorgrun
Depths:3: cheibrodos_spurs, minmay_staircase_windowed_small,
          rand_demon_pan_entry_5, hell_entry, serial_bayou_shore_b
Depths:4: minmay_outward_triangles, pf_coc_iceberg, abyss_entry,
          grunt_decor_arrowhead, corexii_leaking_fountain,
          nrook_kobold_shadow_demons, grunt_megastairs_5, uniq_mennas
Depths:5: evilmike_zot_entry_hall, enter_ziggurat_b, cheibriados_altar_1,
          serial_shops, nicolae_shop_overgrown_old_shop,
          nicolae_shop_behind_doors, shop, shop_fountains, grunt_mini_vestibule
Abyss:3:  due_evilmike_abyss_rune_seething_liches, doesnt_abyss_rune_brain_food,
          evilmike_nicolae_abyss_rune_betentacled_crabyss
Abyss:4:  evilmike_abyss_exit_kraken, nicolae_abyss_rune_star_stuff,
          hangedman_decor_lopped
Pan:      evilmike_mini_pan_doors_b, grunt_pan_sceptre,
          evilmike_mini_pan_corridor, pan_blood_fountain_small,
          grunt_pan_sceptre, evilmike_mini_pan_branches,
          pan_blood_fountain_small
Zig:6:    ziggurat_pillar_centre_oklobs
Lab:      nicolae_lab_lava, nicolae_lab_plus, nicolae_lab_checkerboard,
          labyrinth_skeletal_remains
Bazaar:   bazaar_short_row
Volcano:  volcano_tomb
WizLab:   wizlab_doroklohe

Skill      XL: |  1  2  3  4  5  6  7  8  9 10 11 12 13 14 15 16 17 18 19 20 21 22 23 24 25 26 27 |
---------------+----------------------------------------------------------------------------------+-----
Dodging        | 1 2 3 4 5 6 7 8 9 10 11 12 13 14 15 16 17 | 17.0
Short Blades   | 3 4 5 6 8 9 10 11 12 13 14 15 16 17 18 20 | 20.4
Throwing       | 2 3 4 5 6 8 9 10 11 | 11.9
Stealth        | 4 5 6 7 8 10 11 12 13 14 15 16 17 18 19 | 19.1
Fighting       | 3 4 5 6 7 8 9 10 11 12 13 14 15 16 17 18 19 | 19.5
Invocations    | 2 4 6 8 10 11 12 13 14 15 16 17 18 19 20 | 20.3
Spellcasting   | 6 9 10 11 12 13 14 15 16 | 16.7
Hexes          | 6 10 11 12 13 14 15 17 | 17.1
Shields        | 3 7 |  7.8
Charms         | 1 4 6 8 |  8.7
Translocations | 5 8 9 |  9.7
Air Magic      | 3 |  3.6

Action                   |  1- 3 |  4- 6 |  7- 9 | 10-12 | 13-15 | 16-18 | 19-21 | 22-24 | 25-27 || total
-------------------------+-------+-------+-------+-------+-------+-------+-------+-------+-------++-------
Melee: Dagger            |    95 |   195 |   102 |       |       |       |       |       |       ||   392
       Tailslap          |     3 |    23 |    68 |   192 |   333 |   381 |   563 |   608 |  1197 ||  3368
       Quick blade       |       |       |   353 |  1060 |  1761 |  2081 |  2389 |  1970 |  3704 || 13318
 Fire: Blowgun           |       |       |       |       |       |       |       |       |     8 ||     8
Throw: Tomahawk          |       |     9 |     3 |       |       |    44 |       |       |       ||    56
       Javelin           |       |       |       |       |       |     9 |    63 |    67 |    46 ||   185
       Throwing net      |       |       |       |       |       |       |     2 |       |       ||     2
 Cast: Invisibility      |       |       |       |       |    17 |    42 |    22 |    15 |    11 ||   107
       Tukima's Dance    |       |       |       |       |       |    13 |    20 |     1 |     5 ||    39
       Regeneration      |       |       |       |       |       |     4 |    54 |    28 |    61 ||   147
       Silence           |       |       |       |       |       |       |     1 |       |       ||     1
       Spectral Weapon   |       |       |       |       |       |       |     3 |       |       ||     3
       Blink             |       |       |       |       |       |       |     4 |     8 |    27 ||    39
       Yara's Violent Un |       |       |       |       |       |       |     4 |     4 |     2 ||    10
       Discord           |       |       |       |       |       |       |       |       |     7 ||     7
       Apportation       |       |       |       |       |       |       |       |       |     3 ||     3
       Deflect Missiles  |       |       |       |       |       |       |       |       |     1 ||     1
Invok: Line Pass         |       |       |       |     8 |       |     2 |     3 |       |     1 ||    14
       Stomp             |       |       |       |     6 |    12 |    10 |     1 |       |       ||    29
       Grand Finale      |       |       |       |       |       |       |       |     1 |     5 ||     6
 Abil: Breathe Frost     |       |       |     6 |     9 |    12 |     6 |     3 |       |       ||    36
       Evoke Ratskin     |       |       |       |       |       |       |     2 |       |     3 ||     5
       Evoke Flight      |       |       |       |       |       |       |       |       |     5 ||     5
Evoke: Wand              |       |       |       |       |     8 |     2 |    13 |     1 |     6 ||    30
  Use: Scroll            |     6 |     8 |     6 |     8 |    20 |    11 |     8 |    10 |    31 ||   108
       Potion            |     1 |     1 |     2 |     1 |     1 |     3 |     4 |       |    28 ||    41
 Stab: Sleeping          |     8 |     7 |       |    26 |    38 |    60 |    63 |    16 |    41 ||   259
       Paralysed         |       |     1 |    11 |    72 |   109 |   124 |   177 |   165 |   248 ||   907
       Invisible         |       |       |     3 |       |    43 |   130 |    68 |    81 |    28 ||   353
       Distracted        |       |       |       |     5 |    10 |    11 |    10 |     6 |    29 ||    71
       Confused          |       |       |       |     5 |       |       |     1 |       |       ||     6
       Held in net/web   |       |       |       |       |       |       |     1 |       |       ||     1
       Petrifying        |       |       |       |       |       |       |       |       |     1 ||     1
  Eat: Chunk             |     2 |     8 |    12 |    26 |    36 |    48 |    35 |    25 |     8 ||   200
       Royal jelly       |       |     1 |       |     3 |     9 |     8 |     4 |     4 |     5 ||    34
       Fruit             |       |       |       |     1 |     2 |    10 |     8 |     2 |    26 ||    49
       Meat ration       |       |       |       |       |     2 |     2 |     2 |     2 |     6 ||    14
Armor: Skin              |    27 |    53 |   140 |   130 |   190 |   224 |   164 |   155 |   366 ||  1449
Dodge: Dodged            |    37 |   119 |   243 |   409 |   695 |   825 |   787 |   744 |  1482 ||  5341
       Deflected         |       |       |       |       |       |       |       |       |     9 ||     9
Block: Buckler           |       |       |       |       |       |   202 |   288 |   314 |   729 ||  1533
